 Dungeon Crawl Stone Soup version 0.31.0-11-ge490571c62 (webtiles) character file.

Game seed: 18185146744807690492

12312 qw the Nimble (level 11, -2/55 HPs)
             Began as a Spriggan Hunter on Feb 3, 2024.
             Was a High Priest of Okawaru.
             Slain by a death yak (19 damage)
             ... on level 2 of the Lair of Beasts.
             The game lasted 00:02:09 (8663 turns).

qw the Nimble (Spriggan Hunter)                     Turns: 8663, Time: 00:02:10

Health: -2/55      AC:  9    Str:  7    XL:     11   Next: 60%
Magic:  14/17      EV: 31    Int: 10    God:    Okawaru [*****.]
Gold:   681        SH:  0    Dex: 24    Spells: 10/10 levels left

rFire   + . .        m - +2 orcbow (freeze)
rCold   . . .        (shield currently unavailable)
rNeg    . . .        n - +0 steam dragon scales
rPois   .            (helmet restricted)
rElec   .            (no cloak)
rCorr   .            (gloves unavailable)
SInv    +            (boots unavailable)
Will    +....        l - amulet of regeneration
Stlth   ++           i - +4 ring of protection
HPRegen 1.09/turn    k - ring of protection from fire
MPRegen 0.15/turn

%: no passive effects
@: finesse-ful, very quick
A: very small, no large weapons, unfitting armour, see invisible, speed 3
a: Renounce Religion, Heroism, Finesse, Duel


You were on level 2 of the Lair of Beasts.
You worshipped Okawaru.
Okawaru was extremely pleased with you.
You visited 3 branches of the dungeon, and saw 12 of its levels.

You collected 681 gold pieces.


Innate Abilities, Weirdness & Mutations

You are very small and have problems with some larger weapons.
You are too small for most types of armour.
You have supernaturally acute eyesight. (SInv)
You cover ground extremely quickly. (Speed+++)


   Skills:
 - Level 5.0 Fighting
 - Level 13.0 Ranged Weapons
 - Level 2.4 Armour
 + Level 13.1 Dodging
 - Level 1.5 Stealth
 + Level 7.1 Invocations


You had 10 spell levels left.
You didn't know any spells.
Your spell library was empty.

Inventory:

Hand Weapons
 m - a +2 orcbow of freezing (weapon)
Armour
 e - the +1 robe "Neagh" {+Blink rPois Str-4 Int+8}
   (You found it on level 2 of the Dungeon)

   Str-4:     It affects your strength (-4).
   Int+8:     It affects your intelligence (+8).
   rPois:     It protects you from poison +Blink: It lets you blink.
 n - +0 steam dragon scales (worn)
Jewellery
 b - an amulet of the acrobat
 f - a ring of positive energy
 i - a +4 ring of protection (left hand)
 k - a ring of protection from fire (right hand)
 l - an amulet of regeneration (around neck)
 Y - a ring of resist corrosion
Wands
 o - a wand of quicksilver (8)
Scrolls
 p - a scroll of identify
Potions
 a - a potion of cancellation
 c - a potion of mutation
 d - a potion of heal wounds
 g - a potion of might
 h - 6 potions of curing
 j - a potion of resistance
 r - 2 potions of enlightenment

Dungeon Overview and Level Annotations

Branches:
Dungeon (9/15)             Temple (1/1) D:6            Lair (2/5) D:9
    Orc (0/2) D:9
  Swamp: Lair:2-3    Shoals: Lair:2-3     Snake: Lair:2-3    Spider: Lair:2-3

Altars:
Ashenzari
Cheibriados
Dithmenos
Elyvilon
Fedhas
Gozag
Hepliaklqana
Kikubaaqudgha
Makhleb
Nemelex Xobeh
Okawaru
Qazlal
Ru
Sif Muna
Trog
Uskayaw
Vehumet
Wu Jian
Xom
Yredelemnul
Zin
The Shining One

Portals:
Abyss: D:7
Bailey: D:9

Annotations:
D:3 1 runed translucent door, Crazy Yiuf
D:4 2 transporters, qw's ghost, amateur SpHu
D:7 qw's ghost, novice DEHu
D:9 1 runed translucent door
Lair:1 2 transporters, qw's ghost, journeyman SpHu


Message History

You hear a bellow! x4
You shoot an arrow. The arrow barely misses the yak.
The yak gores you!
You shoot an arrow. The arrow hits the yak.
The arrow freezes the yak.
The yak is moderately wounded.
You shoot an arrow. The arrow completely misses the yak.
The yak completely misses you.
You shoot an arrow. The arrow hits the yak!
The arrow freezes the yak!
The yak is almost dead.
You shoot an arrow. The arrow hits the yak!!
The arrow freezes the yak.
You kill the yak!
Okawaru accepts your kill.
You shoot an arrow. The arrow hits the death yak!
The arrow freezes the death yak.
The death yak is heavily wounded.
You shoot an arrow. The arrow hits the death yak.
The arrow freezes the death yak.
The death yak is heavily wounded.
You shoot an arrow. The arrow hits the death yak.
The arrow freezes the death yak.
The death yak is heavily wounded.
The death yak gores you!
You shoot an arrow. The arrow hits the death yak.
The arrow freezes the death yak.
The death yak is severely wounded.
You shoot an arrow. The arrow hits the death yak.
The arrow freezes the death yak.
The death yak is severely wounded.
You hear a bellow! x4
You shoot an arrow. The arrow hits the death yak.
The arrow freezes the death yak.
The death yak is severely wounded.
The death yak gores you!!
You shoot an arrow. The arrow barely misses the death yak.
You hear a bellow! x3
You shoot an arrow. The arrow hits the death yak.
The arrow freezes the death yak.
The death yak is almost dead.
The death yak gores you!!
You die...

#...}...##.### #....#.##..#.
#............#.w...........#
#.}..Y}.#.....#....#......PP
#...Y...#....###..##........
#...}Y....# ...##......#.
.......Y### #..##########
...##....#######...######P#.
..........#.........).......
.##...#...#@%...............
#....#...Y#................
.......#...#...........)....
...........##...............
........#...................
..........<.#......##..###..
.....##...###...###..P###.
...# ##### #...##........
... .....##.....#..


You could see a death yak.

Vanquished Creatures
  A catoblepas (Lair:2)
  A two-headed ogre (D:8)
  A death yak (Lair:2)
  A black mamba (Lair:1)
  Maggie (D:7)
  Joseph (D:8)
  2 cane toads
  A rime drake (Lair:2)
  5 komodo dragons
  Grinder (D:3)
  Prince Ribbit (Lair:1)
  4 blink frogs (Lair:1)
  Sigmund (D:3)
  3 steam dragons (D:9)
  4 yaks
  5 water moccasins
  6 orc warriors (D:9)
  3 black bears
  A sky beast (D:5)
  4 centaurs
  2 ogres
  11 wolves
  7 bullfrogs
  A gnoll sergeant (D:8)
  7 scorpions
  4 wights (D:8)
  3 howler monkeys
  A jelly (D:6)
  6 orc priests
  A gnoll bouda (D:6)
  7 hounds
  2 iguanas
  11 orc wizards
  6 hell rats (Lair:1)
  6 adders
  7 gnolls
  A shadow imp (D:5)
  2 white imps
  4 ufetubi
  3 dart slugs
  4 ribbon worms
  40 orcs
  5 ball pythons
  3 bats
  3 endoplasms
  5 giant cockroaches
  8 goblins
  11 hobgoblins
  4 jackals (D:1)
  3 kobolds
  4 quokkas
  6 frilled lizards
  A goblin skeleton (D:9)
  A jackal zombie (D:9)
  8 rats
245 creatures vanquished.

Vanquished Creatures (others)
  2 goblins (D:9)
2 creatures vanquished.

Grand Total: 247 creatures vanquished

Notes
Turn   | Place    | Note
-------+----------+-------------------------------------------
     0 | D:1      | qw the Spriggan Hunter began the quest for the Orb.
     0 | D:1      | Reached XP level 1. HP: 10/10 MP: 2/2
     0 | D:1      | 0 ||| qw: Version: 0.3-a-155-g5e7d8dd
     0 | D:1      | 0 ||| qw: Game counter: 3466
     0 | D:1      | 0 ||| qw: Melee chars always use a shield: true
     0 | D:1      | 0 ||| qw: God list: Okawaru
     0 | D:1      | 0 ||| qw: Allow faded altars: false
     0 | D:1      | 0 ||| qw: Do Orc after clearing Dungeon:15 true
     0 | D:1      | 0 ||| qw: Do second Lair branch before Depths: true
     0 | D:1      | 0 ||| qw: Lair rune preference: random
     0 | D:1      | 0 ||| qw: Goals: Normal
     0 | D:1      | 0 ||| PLANNING D:1-11
    35 | D:1      | Reached skill level 3 in Dodging
    94 | D:1      | Reached XP level 2. HP: 14/14 MP: 3/3
   893 | D:1      | Reached XP level 3. HP: 16/18 MP: 4/4
   969 | D:1      | 969 ||| UPGRADING to ring of protection from fire.
   970 | D:1      | 970 ||| READING 2 scrolls labelled MEAMEIFFI.
   974 | D:1      | 974 ||| READING scroll labelled FIAWNEIJATO.
  1075 | D:1      | 1075 ||| READING scroll labelled FIYDAR CAMATUO.
  1076 | D:1      | 1076 ||| DROPPING scroll of butterflies.
  1137 | D:2      | Found a faded altar of an unknown god.
  1220 | D:2      | Identified the +1 robe "Neagh" {+Blink rPois Str-4 Int+8}
  1433 | D:2      | Reached XP level 4. HP: 22/22 MP: 5/5
  1588 | D:2      | 1588 ||| UPGRADING to +1 robe "Neagh" {+Blink rPois Str-4
                  | Int+8}.
  1598 | D:2      | 1598 ||| DROPPING +0 robe.
  1599 | D:2      | 1599 ||| UPGRADING to ring of positive energy.
  1600 | D:2      | 1600 ||| READING scroll labelled COG XIWEERU.
  1600 | D:2      | 1600 ||| IDENTIFYING murky coppery potion
  1601 | D:2      | 1601 ||| DRINKING 2 inky potions.
  1602 | D:2      | 1602 ||| DRINKING 2 viscous brown potions.
  1603 | D:2      | 1603 ||| DRINKING potion of curing.
  1603 | D:2      | 1603 ||| (to cure confusion)
  1604 | D:2      | 1604 ||| DROPPING potion of ambrosia.
  1643 | D:3      | 1643 ||| PLANNING SEWER
  1719 | D:3      | Noticed Grinder
  1729 | D:3      | Paralysed by Grinder for 5 turns
  1739 | D:3      | Killed Grinder
  1740 | D:3      | Reached XP level 5. HP: 13/25 MP: 6/6
  1740 | D:3      | Reached XP level 6. HP: 16/30 MP: 7/7
  1919 | D:3      | Found a runed translucent door.
  1920 | D:3      | Noticed Crazy Yiuf
  2148 | D:3      | Noticed Sigmund
  2166 | D:3      | Killed Sigmund
  2167 | D:3      | Reached skill level 3 in Fighting
  2522 | D:3      | Found a glowing drain.
  2523 | D:3      | 2523 ||| RIP SEWER
  2523 | D:3      | 2523 ||| PLANNING D:1-11
  2526 | D:3      | 2526 ||| READING scroll of identify.
  2526 | D:3      | 2526 ||| IDENTIFYING murky silvery potion
  2527 | D:3      | 2527 ||| READING scroll labelled UMMAFI JOIPS.
  2528 | D:3      | 2528 ||| READING scroll labelled FUPLOMICUS.
  2528 | D:3      | 2528 ||| ENCHANTING +0 shortbow.
  2529 | D:3      | 2529 ||| DROPPING potion of attraction.
  2719 | D:4      | 2719 ||| STAIRDANCE
  2776 | D:4      | 2776 ||| STAIRDANCE
  2848 | D:4      | 2848 ||| STAIRDANCE
  2848 | D:4      | HP: 2/31 [centaur/arrow (8)]
  2969 | D:4      | 2969 ||| STAIRDANCE
  3028 | D:4      | 3028 ||| STAIRDANCE
  3051 | D:4      | 3051 ||| STAIRDANCE
  3085 | D:4      | 3085 ||| STAIRDANCE
  3115 | D:4      | Reached XP level 7. HP: 23/36 MP: 8/8
  3185 | D:4      | Found a transporter.
  3190 | D:4      | Found a transporter.
  3190 | D:4      | Noticed qw's ghost (amateur SpHu)
  3238 | D:4      | Reached skill level 6 in Ranged Weapons
  3383 | D:4      | 3383 ||| FLEEEEING.
  3384 | D:4      | 3384 ||| FLEEEEING.
  3385 | D:4      | 3385 ||| FLEEEEING.
  3386 | D:4      | 3386 ||| FLEEEEING.
  3387 | D:4      | 3387 ||| FLEEEEING.
  3388 | D:4      | 3388 ||| STAIRDANCE
  3440 | D:3      | 3440 ||| READING 2 scrolls of identify.
  3440 | D:3      | 3440 ||| IDENTIFYING orange potion
  3441 | D:3      | 3441 ||| READING scroll of identify.
  3441 | D:3      | 3441 ||| IDENTIFYING 2 smoky yellow potions
  3442 | D:3      | 3442 ||| DROPPING 2 potions of magic.
  3443 | D:3      | 3443 ||| DROPPING potion of lignification.
  3528 | D:4      | Found a shimmering blue altar of Sif Muna.
  3528 | D:4      | You fall into a shaft and drop 1 floor!
  3528 | D:5      | Entered Level 5 of the Dungeon
  3913 | D:5      | 3913 ||| UPGRADING to amulet of regeneration.
  3918 | D:5      | 3918 ||| UPGRADING to ring of resist corrosion.
  3920 | D:5      | 3920 ||| READING scroll labelled PAD ASCHESON.
  3921 | D:5      | 3921 ||| READING scroll labelled WUC UG KIOXOX.
  3921 | D:5      | 3921 ||| ENCHANTING +1 shortbow.
  3922 | D:5      | 3922 ||| DRINKING 2 fuming emerald potions.
  3937 | D:5      | Reached XP level 8. HP: 40/40 MP: 9/9
  3965 | D:5      | 3965 ||| READING scroll of enchant weapon.
  3965 | D:5      | 3965 ||| ENCHANTING +1 shortbow.
  4089 | D:5      | Found a glowing golden altar of the Shining One.
  4187 | D:5      | 4187 ||| FLEEEEING.
  4188 | D:5      | 4188 ||| FLEEEEING.
  4189 | D:5      | 4189 ||| FLEEEEING.
  4191 | D:5      | 4191 ||| FLEEEEING.
  4192 | D:5      | 4192 ||| FLEEEEING.
  4194 | D:5      | 4194 ||| FLEEEEING.
  4195 | D:5      | 4195 ||| FLEEEEING.
  4196 | D:5      | 4196 ||| FLEEEEING.
  4197 | D:5      | 4197 ||| FLEEEEING.
  4198 | D:5      | 4198 ||| FLEEEEING.
  4202 | D:5      | 4202 ||| STAIRDANCE
  4207 | D:4      | 4207 ||| UPGRADING to +4 ring of protection.
  4209 | D:4      | 4209 ||| UPGRADING to ring of protection from fire.
  4215 | D:5      | 4215 ||| STAIRDANCE
  4225 | D:5      | Reached skill level 9 in Ranged Weapons
  4229 | D:5      | 4229 ||| SWAPPING to +1 orcbow of freezing.
  4230 | D:5      | 4230 ||| DROPPING +2 shortbow.
  4538 | D:5      | 4538 ||| READING 2 scrolls of identify.
  4538 | D:5      | 4538 ||| IDENTIFYING bubbling yellow potion
  4560 | D:6      | 4560 ||| STAIRDANCE
  4564 | D:6      | 4564 ||| STAIRDANCE
  4568 | D:6      | 4568 ||| STAIRDANCE
  4576 | D:6      | 4576 ||| STAIRDANCE
  4630 | D:6      | Reached skill level 9 in Dodging
  4636 | D:6      | 4636 ||| RETREEEEATING.
  4753 | D:6      | Found a sacrificial altar of Ru.
  4961 | D:6      | Found a staircase to the Ecumenical Temple.
  4962 | D:6      | 4962 ||| PLANNING TEMPLE
  4962 | D:6      | 4962 ||| READING scroll of identify.
  4962 | D:6      | 4962 ||| IDENTIFYING scroll labelled KIAWEPR RARGHO
  4963 | D:6      | 4963 ||| READING scroll labelled BOAVOMYUMO.
  4964 | D:6      | 4964 ||| READING scroll labelled CANOES PAO.
  4965 | D:6      | 4965 ||| DROPPING scroll of immolation.
  4974 | Temple   | Entered the Ecumenical Temple
  4975 | Temple   | 4975 ||| PLANNING OKAWARU WORSHIP
  4984 | Temple   | Became a worshipper of Warmaster Okawaru
  4985 | Temple   | 4985 ||| PLANNING D:1-11
  5004 | D:6      | Reached XP level 9. HP: 44/44 MP: 10/10
  5200 | D:6      | 5200 ||| DROPPING wand of flame (14).
  5223 | D:7      | Found a transporter.
  5223 | D:7      | Found a transporter.
  5319 | D:7      | Noticed Maggie
  5329 | D:7      | Killed Maggie
  5411 | D:7      | Found a shimmering altar of Xom.
  5415 | D:7      | Found a radiant altar of Vehumet.
  5460 | D:7      | Found a snail-covered altar of Cheibriados.
  5464 | D:7      | Noticed a cyan ugly thing
  5465 | D:7      | Noticed qw's ghost (novice DEHu)
  5476 | D:7      | Noticed an ice devil
  5486 | D:7      | Found a one-way gate to the infinite horrors of the Abyss.
  5577 | D:7      | Found a burning altar of Makhleb.
  5663 | D:7      | 5663 ||| UPGRADING to +0 steam dragon scales.
  5673 | D:7      | 5673 ||| READING 2 scrolls of identify.
  5673 | D:7      | 5673 ||| IDENTIFYING 2 emerald potions
  5674 | D:7      | 5674 ||| READING scroll of identify.
  5674 | D:7      | 5674 ||| IDENTIFYING scroll labelled ECYGRY VUDUE
  5675 | D:7      | 5675 ||| READING scroll labelled RUDEENAONI.
  5676 | D:7      | 5676 ||| DROPPING 2 potions of brilliance.
  5677 | D:7      | 5677 ||| DROPPING scroll of fear.
  5787 | D:8      | Noticed Joseph
  5793 | D:8      | HP: 7/45 [Joseph/sling bullet (15)]
  5794 | D:8      | 5794 ||| READING 3 scrolls of teleportation.
  5794 | D:8      | HP: 2/45 [Joseph/sling bullet (3)]
  5903 | D:8      | Killed Joseph
  6082 | D:8      | HP: 7/44 [gnoll sergeant/+0 spear (10)]
  6083 | D:8      | 6083 ||| READING 2 scrolls of teleportation.
  6084 | D:8      | Reached * piety under Okawaru
  6085 | D:8      | 6085 ||| FLEEEEING.
  6137 | D:8      | Noticed a two-headed ogre
  6138 | D:8      | 6138 ||| INVOKING Heroism.
  6139 | D:8      | 6139 ||| INVOKING Heroism.
  6149 | D:8      | Killed a two-headed ogre
  6150 | D:8      | Reached skill level 12 in Dodging
  6495 | D:9      | Found a runed translucent door.
  6507 | D:9      | 6507 ||| RETREEEEATING.
  6508 | D:9      | 6508 ||| RETREEEEATING.
  6509 | D:9      | 6509 ||| RETREEEEATING.
  6521 | D:9      | Reached skill level 1 in Invocations
  6521 | D:9      | Reached XP level 10. HP: 49/49 MP: 11/11
  6529 | D:9      | Reached ** piety under Okawaru
  6539 | D:9      | HP: 10/49 [orc warrior/+1 heavy halberd (13)]
  6540 | D:9      | 6540 ||| READING scroll of teleportation.
  6544 | D:9      | 6544 ||| RETREEEEATING.
  6545 | D:9      | 6545 ||| RETREEEEATING.
  6546 | D:9      | 6546 ||| RETREEEEATING.
  6547 | D:9      | 6547 ||| RETREEEEATING.
  6548 | D:9      | 6548 ||| RETREEEEATING.
  6549 | D:9      | 6549 ||| RETREEEEATING.
  6551 | D:9      | 6551 ||| INVOKING Heroism.
  6564 | D:9      | Reached skill level 3 in Invocations
  6619 | D:9      | 6619 ||| READING scroll of enchant weapon.
  6619 | D:9      | 6619 ||| ENCHANTING +1 orcbow of freezing.
  6631 | D:9      | Found a staircase to the Lair.
  6681 | D:9      | Found a flagged portal.
  6693 | D:9      | Reached *** piety under Okawaru
  6702 | D:9      | Found a basalt altar of Yredelemnul.
  7115 | D:9      | HP: 10/49 [orc priest/divine providence (14)]
  7133 | D:9      | HP: 6/49 [orc priest/divine providence (11)]
  7142 | D:9      | HP: 8/49 [orc/+0 hand axe (4)]
  7199 | D:9      | Found a staircase to the Orcish Mines.
  7288 | D:9      | 7288 ||| PLANNING LAIR
  7288 | D:9      | 7288 ||| READING 4 scrolls of identify.
  7288 | D:9      | 7288 ||| IDENTIFYING sedimented brown potion
  7289 | D:9      | 7289 ||| READING 3 scrolls of identify.
  7289 | D:9      | 7289 ||| IDENTIFYING smoky grey potion
  7290 | D:9      | 7290 ||| READING 2 scrolls of identify.
  7290 | D:9      | 7290 ||| IDENTIFYING fuming brown potion
  7291 | D:9      | 7291 ||| READING scroll of identify.
  7291 | D:9      | 7291 ||| IDENTIFYING ruby potion
  7292 | D:9      | 7292 ||| DRINKING 2 blue potions.
  7293 | D:9      | 7293 ||| DROPPING potion of invisibility.
  7294 | D:9      | 7294 ||| DROPPING potion of degeneration.
  7332 | Lair:1   | Entered Level 1 of the Lair of Beasts
  7367 | Lair:1   | 7367 ||| RETREEEEATING.
  7367 | Lair:1   | Noticed Prince Ribbit
  7368 | Lair:1   | 7368 ||| RETREEEEATING.
  7369 | Lair:1   | 7369 ||| RETREEEEATING.
  7371 | Lair:1   | 7371 ||| RETREEEEATING.
  7385 | Lair:1   | 7385 ||| RETREEEEATING.
  7386 | Lair:1   | 7386 ||| RETREEEEATING.
  7387 | Lair:1   | 7387 ||| RETREEEEATING.
  7388 | Lair:1   | 7388 ||| RETREEEEATING.
  7389 | Lair:1   | 7389 ||| RETREEEEATING.
  7390 | Lair:1   | 7390 ||| INVOKING Heroism.
  7394 | Lair:1   | Killed Prince Ribbit
  7395 | Lair:1   | Reached skill level 12 in Ranged Weapons
  7397 | Lair:1   | Noticed a cane toad
  7403 | Lair:1   | Killed a cane toad
  7417 | Lair:1   | Reached **** piety under Okawaru
  7418 | Lair:1   | Reached XP level 11. HP: 47/55 MP: 15/15
  7467 | Lair:1   | 7467 ||| RETREEEEATING.
  7566 | Lair:1   | Noticed a spriggan rider
  7569 | Lair:1   | Noticed qw's ghost (journeyman SpHu)
  7582 | Lair:1   | Found a transporter.
  7583 | Lair:1   | Found a bloodstained altar of Trog.
  7585 | Lair:1   | Noticed a spriggan rider
  7590 | Lair:1   | Found a transporter.
  7603 | Lair:1   | 7603 ||| RETREEEEATING.
  7605 | Lair:1   | 7605 ||| RETREEEEATING.
  8155 | Lair:2   | Noticed a catoblepas
  8156 | Lair:2   | 8156 ||| INVOKING Finesse.
  8164 | Lair:2   | 8164 ||| Stepping ~*~*~tactically~*~*~ (cloud).
  8166 | Lair:2   | 8166 ||| Stepping ~*~*~tactically~*~*~ (cloud).
  8172 | Lair:2   | 8172 ||| Stepping ~*~*~tactically~*~*~ (cloud).
  8177 | Lair:2   | 8177 ||| Stepping ~*~*~tactically~*~*~ (cloud).
  8180 | Lair:2   | Killed a catoblepas
  8348 | Lair:2   | Reached skill level 6 in Invocations
  8563 | Lair:2   | 8563 ||| RETREEEEATING.
  8565 | Lair:2   | 8565 ||| RETREEEEATING.
  8567 | Lair:2   | 8567 ||| RETREEEEATING.
  8579 | Lair:2   | Reached ***** piety under Okawaru
  8623 | Lair:2   | Noticed a death yak
  8624 | Lair:2   | 8624 ||| INVOKING Finesse.
  8625 | Lair:2   | 8625 ||| INVOKING Finesse.
  8628 | Lair:2   | 8628 ||| RETREEEEATING.
  8628 | Lair:2   | Noticed a death yak
  8629 | Lair:2   | 8629 ||| RETREEEEATING.
  8630 | Lair:2   | 8630 ||| RETREEEEATING.
  8632 | Lair:2   | 8632 ||| RETREEEEATING.
  8634 | Lair:2   | 8634 ||| RETREEEEATING.
  8636 | Lair:2   | 8636 ||| RETREEEEATING.
  8643 | Lair:2   | Killed a death yak
  8663 | Lair:2   | Slain by a death yak

Levels and vault maps discovered:
D:1:      shiori_shiawase, layout_basic
D:2:      layout_rooms, ebering_ecumenical_altar_mist
D:3:      layout_basic, cheibrodos_sewer_entry_bend, minmay_cupped,
          uniq_grinder, uniq_sigmund, uniq_crazy_yiuf_cottage
D:4:      layout_rooms, led_sif_book, gammafunk_ghost_arena,
          minmay_misc_feat_tower
D:5:      layout_cave_pools, lemuel_round_altar, hangedman_glass_teeth,
          kennysheep_diamond, serial_bayou_lagoon_b
D:6:      layout_basic, hangedman_ru_absence, minmay_temple_entry_junction
D:7:      layout_rooms, nicolae_overflow_macrodata_refinement,
          gammafunk_ghost_abyssal_escape, kennysheep_generic_room_9, uniq_maggie
D:8:      layout_basic, uniq_joseph
D:9:      layout_basic, dk_yredelemnul_ordeal, grunt_lair_entry_orc_guard_hut,
          david_orc_4, enter_bailey_5
Temple:   nicolae_temple_great_sept
Lair:1:   layout_cave_pods, gammafunk_ghost_wrathful_warriors, minmay_holes,
          uniq_prince_ribbit2
Lair:2:   layout_regular_city, lemuel_fruit_tree, grunt_megastairs_4,
          infiniplex_staircase_pool

Skill      XL: |  1  2  3  4  5  6  7  8  9 10 11 |
---------------+----------------------------------+-----
Dodging        | 3 4 7 9 12 13 | 13.1
Ranged Weapons | 5 7 9 10 12 13 | 13.0
Fighting       | 3 4 5 |  5.0
Armour         | 2 |  2.4
Invocations    | 1 4 7 |  7.1
Stealth        | |  1.5

Action                     |  1- 3 |  4- 6 |  7- 9 | 10-12 || total
---------------------------+-------+-------+-------+-------++-------
   Fire: Shortbow          |   115 |    81 |   157 |       ||   353
         Orcbow            |       |       |   254 |   377 ||   631
 Invoke: Heroism           |       |       |     1 |     2 ||     3
         Finesse           |       |       |       |     2 ||     2
    Use: Scroll            |     3 |     4 |    14 |     6 ||    27
         Potion            |       |     3 |     1 |     1 ||     5
 Armour: Robe              |     6 |    24 |    41 |       ||    71
         Steam dragon scal |       |       |    21 |    48 ||    69
  Dodge: Dodged            |    24 |    58 |   223 |   180 ||   485

Table legend:
 A = Non-vault XP
 B = Vault XP
 C = Vault XP percentage of total XP
 D = Non-vault monster count
 E = Vault monster count
 F = Vault count percentage of total count
                 A         B        C        D         E       F
            +---------+---------+-------+---------+---------+-------
      Total |   11775 |    5814 |  33.1 |     194 |      51 |  20.8
            +---------+---------+-------+---------+---------+-------
        D:1 |      43 |       0 |   0.0 |      24 |       0 |   0.0
        D:2 |      56 |       0 |   0.0 |      20 |       0 |   0.0
        D:3 |      56 |     527 |  90.4 |      12 |       7 |  36.8
        D:4 |     375 |     115 |  23.5 |      19 |       3 |  13.6
        D:5 |     957 |       4 |   0.4 |      24 |       1 |   4.0
        D:6 |     681 |       0 |   0.0 |      18 |       0 |   0.0
        D:7 |     334 |     446 |  57.2 |      17 |       2 |  10.5
        D:8 |    1457 |     419 |  22.3 |      12 |       1 |   7.7
        D:9 |    1628 |    2149 |  56.9 |      17 |      27 |  61.4
     Lair:1 |    1899 |    1370 |  41.9 |      15 |       5 |  25.0
     Lair:2 |    4289 |     784 |  15.5 |      16 |       5 |  23.8
            +---------+---------+-------+---------+---------+-------
